 Dungeon Crawl Stone Soup version 0.29-a0-25-g7f48f510a0 (webtiles) character file.

Game seed: 12774712235133849701

14 MacCMillion the Stinger (level 2, -4/19 HPs)
             Began as a Merfolk Venom Mage on Jan 31, 2022.
             Slain by Terence (9 damage)
             ... on level 2 of the Dungeon.
             The game lasted 00:03:50 (1315 turns).

MacCMillion the Stinger (Merfolk Venom Mage)        Turns: 1315, Time: 00:03:50

Health: -4/19      AC:  3    Str:  8    XL:     2   Next: 41%
Magic:  4/5        EV: 12    Int: 14    God:
Gold:   56         SH:  0    Dex: 14    Spells: 2/5 levels left

rFire   . . .      SeeInvis .   d - +0 whip (venom)
rCold   . . .      Faith    .   (no shield)
rNeg    . . .      Spirit   .   a - +0 robe
rPois   .          Reflect  .   (no helmet)
rElec   .          Harm     .   (no cloak)
rCorr   .          Rampage  .   (no gloves)
Will    .....                   b - +0 pair of boots
Stlth   ++........              (no amulet)
HPRegen 0.06/turn               (no ring)
MPRegen 0.09/turn               (no ring)

@: no status effects
A: (nimble swimmer 2), mertail
a: no special abilities


You were on level 2 of the Dungeon.
You visited 1 branch of the dungeon, and saw 2 of its levels.

You collected 56 gold pieces.

Inventory:

Hand Weapons
 d - a +0 whip of venom (weapon)
Armour
 a - a +0 robe (worn)
 b - a +0 pair of boots (worn)
Scrolls
 e - a scroll of fear {unknown}
 f - a scroll of teleportation {unknown}
 h - 3 scrolls of identify {unknown}
Potions
 c - a potion of heal wounds {unknown}
 g - a potion of lignification {unknown}


   Skills:
 - Level 2.6 Dodging
 + Level 2.7 Stealth
 - Level 2.0 Spellcasting
 - Level 2.0 Transmutations
 + Level 0.1 Air Magic
 + Level 3.6 Poison Magic


You had 2 spell levels left.
You knew the following spells:

 Your Spells              Type           Power      Damage    Failure   Level
a - Sting                 Tmut/Pois      36%        1d4       8%          1
b - Poisonous Vapours     Pois/Air       12%        N/A       17%         2

Your spell library contained the following spells:

 Spells                   Type           Power      Damage    Failure   Level
 Mephitic Cloud           Conj/Pois/Air  4%         N/A       41%         3
 Olgreb's Toxic Radiance  Pois           11%        N/A       47%         4


Dungeon Overview and Level Annotations

Branches:
Dungeon (2/15)

Altars:

Shops:
D:1 [

Annotations:
D:2 Sigmund, Terence


Innate Abilities, Weirdness & Mutations

((You are very nimble when in or above water. (Stealth+, EV+, Speed+++)))
Your lower body shifts to a powerful aquatic tail in water.


Message History

The goblin shouts!
The goblin misses you.
You hit the goblin.
You kill the goblin!
There is a stone staircase leading up here.
You climb upwards.
There is a stone staircase leading down here.
There is an open door here.
Things that are here:
2 stones; a +0 dagger
There is an open door here.
There is a stone staircase leading down here.
You climb downwards.
Level annotation: Sigmund
There is a stone staircase leading up here.
Terence the Incautious comes into view.
He is wielding a +0 short sword and carrying a wand of flame (22).
Terence shouts!
Terence shouts, "Get ready for death!"
Terence shouts, "Get ready for death!"
You can't see any susceptible monsters within range! (Use Z to cast anyway.)
The sting hits Terence but does no damage.
Terence is poisoned.
Terence drinks a potion.
Terence goes berserk!
The sting hits Terence but does no damage.
Terence looks even sicker.
Terence is lightly wounded.
Terence hits you with a +0 short sword.
Terence rages.
Terence closely misses you.
Press: ? - help, v - describe, . - travel
Here: Terence, wielding a +0 short sword, wearing a +0 chain mail and carrying a wand of flame (22) (moderately wounded, berserk, very poisoned)
The floor.
Terence closely misses you. Terence hits you with a +0 short sword.
Terence hits you with a +0 short sword.
* * * LOW HITPOINT WARNING * * *
Terence closely misses you.
Terence rages.
Terence closely misses you. Terence hits you with a +0 short sword!
You die...

########
#<.....##
#.......# .
#.####..##....
#.##..........
#.##.#..###.#.
#@##.#..#
#.@.....#
####.#### #.#
#.. #... #.##.
#.# .# .. #


You could see Terence (berserk).

Vanquished Creatures
  An endoplasm (D:1)
  A giant cockroach (D:1)
  A goblin (D:2)
  4 kobolds (D:1)
  3 ball pythons
  2 bats (D:1)
  2 frilled lizards (D:1)
  A rat (D:1)
15 creatures vanquished.

Notes
Turn   | Place    | Note
-------+----------+-------------------------------------------
     0 | D:1      | MacCMillion the Merfolk Venom Mage began the quest for the
                  | Orb.
     0 | D:1      | Reached XP level 1. HP: 13/13 MP: 3/3
    25 | D:1      | You fall into a shaft and drop 1 floor!
   659 | D:1      | Found Ynatz's Antique Armour Shoppe.
   724 | D:1      | Reached XP level 2. HP: 14/19 MP: 0/5
  1151 | D:1      | Learned a level 2 spell: Poisonous Vapours
  1205 | D:2      | Noticed Sigmund
  1295 | D:2      | Noticed Terence
  1315 | D:2      | Slain by Terence

Illustrated notes

Levels and vault maps discovered:
D:1:      minmay_arrival_nine_rooms, layout_basic, serial_shops,
          nicolae_square_shop
D:2:      layout_loops_cross, uniq_sigmund, uniq_terence

Skill      XL: |  1  2 |
---------------+-------+-----
Transmutations | 2 |  2.0
Dodging        | |  2.6
Stealth        | |  2.7
Spellcasting   | |  2.0
Air Magic      | |  0.1
Poison Magic   | |  3.6

Action                   || total
-------------------------++-------
Melee: Whip              ||     4
 Cast: Sting             ||    20
 Stab: Sleeping          ||     1
Armor: Robe              ||     6
Dodge: Dodged            ||    12

Table legend: (Time is in decaauts)
 A = Elapsed time spent in this place.
 B = Non-inter-level travel time spent in this place.
 C = Inter-level travel time spent in this place.
 D = Time resting spent in this place.
 E = Time spent auto-exploring this place.
 F = Levels seen in this place.
 G = Mean time per level.
                   A        B        C        D        E       F      G
               +--------+--------+--------+--------+--------+-----+--------+
         Total |   1317 |   1235 |     82 |    308 |    671 |   2 |  658.5 |
       Dungeon |   1317 |   1235 |     82 |    308 |    671 |   2 |  658.5 |
               +--------+--------+--------+--------+--------+-----+--------+

Top non-repeatable levels by time:
     D:1: 1235 daAuts
     D:2: 82 daAuts
